AoeStats
← ROKETSAN YeniCeri

Arabia

503237383Analyzed
2v2 RM · 1mo ago on Aug 30, 2026· 61m 43s· 4 players
Game mode
Random Map
Map size
Medium (4 player)
Population
200
Speed
Normal
Resources
Standard
Victory
Conquest
Starting age
Dark Age
Ending age
Imperial Age
RankedLock teamsTeams togetherTeam positionsShared explorationLock speedFull tech treeHidden civsTurbo modeCheats
Victory
Defeat
🇹🇷 Spanish · Türkiye
947
+13
🇨🇦 Teutons · Canada
884
+16
🇪🇸 Magyars · Spain
904
-15
🇩🇪 Turks · Germany
868
-14
Kikips93
3:03 Loom
11:11 Feudal Age
13:44 Scale Barding Armor
14:27 Scale Mail Armor
15:54 Horse Collar
16:02 Double-Bit Axe
22:58 Castle Age
22:21 Gold Mining
25:08 Husbandry
28:02 Chain Barding Armor
ROKETSAN YeniCeri
1:01 Loom
12:24 Feudal Age
20:42 Castle Age
21:47 Horse Collar
38:14 Imperial Age
37:53 Padded Archer Armor
42:51 Sanctity
54:13 Forging
PjMcginty
8:42 Loom
11:33 Feudal Age
12:03 Double-Bit Axe
13:10 Horse Collar
19:10 Castle Age
18:30 Forging
18:20 Scale Mail Armor
20:38 Wheelbarrow
20:43 Bow Saw
20:40 Heavy Plow
21:52 Stone Mining
22:50 Squires
23:48 Pikeman
27:25 Hand Cart
28:09 Town Watch
35:01 Scale Barding Armor
38:15 Bloodlines
38:17 Scale Barding Armor
38:48 Iron Casting
40:34 Caravan
44:09 Imperial Age
42:05 Gold Mining
43:27 Chain Barding Armor
45:04 Cavalier
47:42 Two-Man Saw
48:14 Plate Barding Armor
47:26 Paladin
51:05 Blast Furnace
50:48 Town Patrol
56:04 Capped Ram
59:31 Spies/Treason
wnyyreew7z
1:21 Loom
11:31 Feudal Age
11:35 Man-at-Arms
21:32 Castle Age
20:08 Town Watch
20:05 Horse Collar
27:09 Fletching
27:19 Padded Archer Armor
27:19 Double-Bit Axe
35:08 Caravan
35:45 Coinage
38:33 Bodkin Arrow
42:01 Imperial Age
40:30 Bloodlines
40:20 Husbandry
40:49 Scale Barding Armor
41:03 Bow Saw
41:08 Heavy Plow
41:24 Forging
42:18 Wheelbarrow
43:03 Conscription
42:08 Cavalier
43:43 Hand Cart
44:44 Two-Man Saw
44:06 Town Patrol
44:32 Chain Barding Armor
44:49 Iron Casting
46:39 Stone Mining
47:55 Blast Furnace
47:32 Plate Barding Armor
47:14 Leather Archer Armor
47:01 Bracer
47:00 Elite Conquistador
49:02 Ballistics
49:43 Chemistry
48:56 Fortified Wall
49:01 Masonry
49:31 Hoardings
48:53 Gold Mining
49:23 Paladin
51:27 Ring Archer Armor
50:59 Scale Mail Armor
51:45 Stone Shaft Mining
52:23 Banking
52:10 Guilds
52:04 Caravan
53:22 Chain Mail Armor
Connection lost

Rejoining the realm…

Still unreachable

The connection could not be restored.

Session expired

The server has moved on; the page needs a fresh start.